 Dungeon Crawl Stone Soup version 0.28-a0-851-g8b9cc49659 (webtiles) character file.

Game seed: 3070063368778067271

1259 Rennog the Firebug (level 8, -8/58 HPs)
             Began as a Gnoll Fire Elementalist on Nov 14, 2021.
             Was an Initiate of Cheibriados.
             Mangled by a black bear (9 damage)
             ... on level 6 of the Dungeon.
             The game lasted 00:11:19 (8349 turns).

Rennog the Firebug (Gnoll Fire Elementalist)        Turns: 8349, Time: 00:11:20

Health: -8/58      AC:  3    Str: 12    XL:     8   Next: 51%
Magic:  0/17       EV: 14    Int: 15    God:    Cheibriados [......]
Gold:   178        SH:  0    Dex: 13    Spells: 11/19 levels left

rFire   . . .      SeeInvis .   o - +0 short sword (vamp)
rCold   . . .      Faith    .   (no shield)
rNeg    . . .      Spirit   .   a - +0 robe
rPois   .          Reflect  .   (no helmet)
rElec   .          Harm     .   (no cloak)
rCorr   .          Rampage  .   m - +0 pair of gloves
Will    .....                   (no boots)
Stlth   +++.......              (no amulet)
HPRegen 0.19/turn               (no ring)
MPRegen 0.15/turn               (no ring)

@: very slow
A: fangs 1, strong nose, distributed training
a: Renounce Religion, Bend Time


You were on level 6 of the Dungeon.
You worshipped Cheibriados.
Cheibriados was noncommittal.
You visited 2 branches of the dungeon, and saw 7 of its levels.

You collected 248 gold pieces.
You spent 70 gold pieces at shops.

Inventory:

Hand Weapons
 o - a +0 vampiric short sword (weapon)
Missiles
 h - a throwing net
Armour
 a - a +0 robe (worn)
 i - a +0 chain mail
 m - a +0 pair of gloves (worn)
Jewellery
 b - an amulet of guardian spirit
Scrolls
 d - 2 scrolls of enchant armour {unknown}
 g - 2 scrolls of identify
 k - 4 scrolls of enchant weapon {unknown}
 n - a scroll of blinking {unknown}
 q - a scroll of silence {unknown}
 s - a scroll of holy word {unknown}
 t - 2 scrolls of fear {unknown}
 u - a scroll of torment {unknown}
 x - a scroll of vulnerability {unknown}
 y - a scroll of teleportation
Potions
 c - 2 potions of flight {unknown}
 e - a potion of mutation {unknown}
 f - a potion of brilliance {unknown}
 j - 3 potions of resistance {unknown}
 l - a potion of ambrosia {unknown}
 p - 2 potions of attraction {unknown}
 r - 4 potions of curing {unknown}
 v - a potion of lignification {unknown}
 w - a potion of degeneration {unknown}


   Skills:
 + Level 3.3 Fighting
 + Level 3.3 Short Blades
 + Level 3.3 Long Blades
 + Level 3.3 Axes
 + Level 3.3 Maces & Flails
 + Level 3.3 Polearms
 + Level 3.3 Staves
 + Level 3.3 Slings
 + Level 3.3 Bows
 + Level 3.3 Crossbows
 + Level 3.3 Throwing
 + Level 3.3 Armour
 + Level 5.7 Dodging
 + Level 5.4 Stealth
 + Level 3.3 Shields
 + Level 3.3 Unarmed Combat
 + Level 6.1 Spellcasting
 + Level 3.5 Conjurations
 + Level 2.7 Hexes
 + Level 2.7 Summonings
 + Level 2.7 Necromancy
 + Level 2.7 Translocations
 + Level 2.7 Transmutations
 + Level 6.1 Fire Magic
 + Level 2.7 Ice Magic
 + Level 2.7 Air Magic
 + Level 2.7 Earth Magic
 + Level 2.7 Poison Magic
 + Level 3.6 Invocations
 + Level 3.3 Evocations


You had 11 spell levels left.
You knew the following spells:

 Your Spells              Type           Power      Damage    Failure   Level
a - Foxfire               Conj/Fire      76%        2x1d7     1%          1
b - Scorch                Fire           46%        2d7       1%          2
c - Conjure Flame         Conj/Fire      19%        6-21      6%          3
d - Passwall              Tmut/Erth      10%        N/A       7%          2

Your spell library contained the following spells:

 Spells                   Type           Power      Damage    Failure   Level
 Static Discharge         Conj/Air       13%        N/A       6%          2
 Inner Flame              Hex/Fire       17%        N/A       7%          3
 Swiftness                Air            12%        N/A       14%         3
 Flame Wave               Conj/Fire      19%        3d5       21%         4
 Sticky Flame             Conj/Fire      19%        2d4       21%         4
 Dispel Undead            Necr           12%        3d9       43%         4
 Summon Lightning Spire   Summ/Air       12%        N/A       43%         4
 Storm Form               Tmut/Air       6%         N/A       100%        7
 Maxwell's Capacitive Co  Air            6%         ∞         100%        8


Dungeon Overview and Level Annotations

Branches:
Dungeon (6/15)             Temple (1/1) D:6

Altars:
Cheibriados
Dithmenos
Elyvilon
Fedhas
Gozag
Hepliaklqana
Makhleb
Qazlal
Ru
Sif Muna
Trog
Uskayaw
Vehumet
Wu Jian
Xom
Yredelemnul
Zin

Shops:
D:6 ?[(

Annotations:
D:3 Pikel


Innate Abilities, Weirdness & Mutations

You have very sharp teeth.
Your uncanny sense of smell can sniff out nearby items.
Your experience applies equally to all skills.


Message History

The black bear's fire resistance burns away.
The foxfire hits the black bear but does no damage.
The black bear is moderately wounded.
The foxfire hits the black bear.
The black bear is burned terribly!
The black bear is heavily wounded.
The black bear bites you. The black bear misses you.
The black bear completely misses you.
Casting: Scorch (safe; 1% risk of failure)
Confirm with . or Enter, or press ? or * to list all spells.
Flames lash the black bear.
The black bear is burned terribly!
The black bear is severely wounded.
The black bear goes berserk!
Unknown command.
You hit the black bear.
The black bear is almost dead.
The black bear barely misses you. The black bear misses you.
The black bear claws you. The black bear bites you!
The black bear claws you. x2
Unknown command.
The black bear is no longer more vulnerable to fire.
The black bear bites you. The black bear closely misses you.
The black bear claws you.
* * * LOW HITPOINT WARNING * * *
You are too injured to fight recklessly!
You hit the black bear but do no damage.
You bite the black bear, but do no damage.
The black bear is almost dead.
The black bear bites you but does no damage.
The black bear closely misses you. The black bear claws you.
* * * LOW HITPOINT WARNING * * *
You hit the black bear.
You feel better.
The black bear is almost dead.
The black bear bites you!
* * * LOW HITPOINT WARNING * * *
The black bear closely misses you. The black bear claws you.
* * * LOW HITPOINT WARNING * * *
Unknown command.
Casting: Scorch (safe; 1% risk of failure)
Confirm with . or Enter, or press ? or * to list all spells.
You conjure some foxfire!
The black bear bites you!
You die...

#............[..#.
####.####..####.#. #.#
#..####.#. #####.#
#.....#.#. #.....#
##.##.#... ###..##>#
#.##.#... #....##.#
#.##..... #...vv..#
##.####...
#.##@...####...###...
.#####.##h.##...........#.
...........##..##...######
######.....##.###.##
#.###.# .# #.# #†# .# .#
#.# #)# .. ..# ... .#. ###
..Z## .#


You could see a black bear (berserk, ally target).

Vanquished Creatures
  Eustachio (D:4)
  A water moccasin (D:5)
  2 necrophages (D:5)
  An ogre (D:6)
  A centaur (D:6)
  3 lemures
  A phantom (D:5)
  A bullfrog (D:6)
  A wyvern skeleton (D:6)
  A water moccasin skeleton (D:6)
  A water moccasin zombie (D:5)
  A bullfrog zombie (D:5)
  A centaur zombie (D:6)
  2 hounds
  A bullfrog skeleton (D:4)
  An iguana (D:6)
  2 orc wizards (D:4)
  A hound skeleton (D:5)
  9 adders
  An adder skeleton (D:4)
  3 worms
  A dart slug (D:2)
  3 orcs
  4 endoplasms
  2 giant cockroaches
  4 goblins
  2 hobgoblins
  2 jackals (D:2)
  6 kobolds
  5 quokkas
  4 ball pythons
  4 bats
  2 frilled lizards
  10 rats
85 creatures vanquished.

Vanquished Creatures (others)
  A bullfrog zombie (D:6)
  215 foxfires
  9 plants (D:6)
225 creatures vanquished.

Grand Total: 310 creatures vanquished

Notes
Turn   | Place    | Note
-------+----------+-------------------------------------------
     0 | D:1      | Rennog the Gnoll Fire Elementalist began the quest for the
                  | Orb.
     0 | D:1      | Reached XP level 1. HP: 13/13 MP: 6/6
   306 | D:1      | Reached XP level 2. HP: 19/19 MP: 3/7
   775 | D:1      | Learned a level 2 spell: Scorch
   999 | D:2      | Reached skill level 5 in Spellcasting
   999 | D:2      | Reached XP level 3. HP: 25/25 MP: 1/9
  1294 | D:2      | Reached skill level 1 in Invocations
  1327 | D:2      | Reached skill level 1 in Fighting
  1327 | D:2      | Reached skill level 1 in Short Blades
  1327 | D:2      | Reached skill level 1 in Long Blades
  1327 | D:2      | Reached skill level 1 in Axes
  1327 | D:2      | Reached skill level 1 in Maces & Flails
  1327 | D:2      | Reached skill level 1 in Polearms
  1327 | D:2      | Reached skill level 1 in Staves
  1327 | D:2      | Reached skill level 1 in Slings
  1327 | D:2      | Reached skill level 1 in Bows
  1327 | D:2      | Reached skill level 1 in Crossbows
  1327 | D:2      | Reached skill level 1 in Throwing
  1327 | D:2      | Reached skill level 1 in Armour
  1327 | D:2      | Reached skill level 1 in Shields
  1327 | D:2      | Reached skill level 1 in Unarmed Combat
  1327 | D:2      | Reached skill level 1 in Evocations
  1327 | D:2      | Reached XP level 4. HP: 32/32 MP: 1/11
  2138 | D:2      | Reached skill level 1 in Hexes
  2138 | D:2      | Reached skill level 1 in Summonings
  2138 | D:2      | Reached skill level 1 in Necromancy
  2138 | D:2      | Reached skill level 1 in Translocations
  2138 | D:2      | Reached skill level 1 in Transmutations
  2138 | D:2      | Reached skill level 1 in Ice Magic
  2138 | D:2      | Reached skill level 1 in Air Magic
  2138 | D:2      | Reached skill level 1 in Earth Magic
  2138 | D:2      | Reached skill level 1 in Poison Magic
  3142 | D:3      | Found a faded altar of an unknown god.
  3759 | D:4      | Reached XP level 5. HP: 37/37 MP: 7/12
  3766 | D:4      | Noticed Eustachio
  3879 | D:4      | Noticed a lemure
  3885 | D:4      | Noticed a lemure
  3933 | D:3      | Killed a lemure
  4002 | D:4      | Noticed a lemure
  4010 | D:4      | Killed a lemure
  4354 | D:4      | Noticed Pikel
  4621 | D:4      | Noticed a lemure
  4655 | D:3      | HP: 1/37 [Pikel (5)]
  5061 | D:4      | Killed a lemure
  5194 | D:4      | Killed Eustachio
  5195 | D:4      | Reached skill level 5 in Dodging
  5195 | D:4      | Reached XP level 6. HP: 6/44 MP: 0/14
  5761 | D:4      | Learned a level 3 spell: Conjure Flame
  5790 | D:5      | Entered Level 5 of the Dungeon
  5999 | D:5      | Noticed a necrophage
  6007 | D:5      | Killed a necrophage
  6008 | D:5      | Reached XP level 7. HP: 51/51 MP: 6/15
  6809 | D:5      | Reached skill level 5 in Stealth
  6853 | D:5      | Reached XP level 8. HP: 15/57 MP: 3/16
  7524 | D:6      | Found a staircase to the Ecumenical Temple.
  7536 | Temple   | Entered the Ecumenical Temple
  7703 | Temple   | Became a worshipper of Cheibriados the Contemplative
  7981 | D:6      | Learned a level 2 spell: Passwall
  8017 | D:6      | Found Icalepac's Weapon Boutique.
  8036 | D:6      | Found Jobaelew's Armour Shop.
  8278 | D:6      | Found Feosyreh's Magic Scroll Shoppe.
  8282 | D:6      | Bought a scroll of teleportation for 42 gold pieces
  8282 | D:6      | Bought a scroll of identify for 28 gold pieces
  8348 | D:6      | HP: 1/58 [black bear (6)]
  8349 | D:6      | Mangled by a black bear

Illustrated notes

Levels and vault maps discovered:
D:1:      kennysheep_arrival_seaside, layout_basic
D:2:      layout_basic, minmay_3d_cube
D:3:      layout_basic, hellmonk_ecumenical_altar_arch_garden,
          hangedman_decor_slide_cut
D:4:      layout_rooms, enter_ossuary_2, uniq_eustachio, uniq_pikel
D:5:      layout_basic, kennysheep_generic_room_12
D:6:      layout_loops_ring, minmay_temple_entry_hall, serial_shops,
          nicolae_lakefront_shop, nicolae_square_shop, nicolae_lakefront_shop,
          kennysheep_mini_moat, minmay_misc_feat_hallway, nicolae_stop_n_shop_2,
          lexackson_kobold_supper
Temple:   mainiacjoe_temple_hex_bubbles

Skill      XL: |  1  2  3  4  5  6  7  8 |
---------------+-------------------------+-----
Conjurations   | 2 3 |  3.5
Spellcasting   | 5 6 |  6.1
Invocations    | 1 2 3 |  3.6
Fighting       | 1 2 3 |  3.3
Short Blades   | 1 2 3 |  3.3
Long Blades    | 1 2 3 |  3.3
Axes           | 1 2 3 |  3.3
Maces & Flails | 1 2 3 |  3.3
Polearms       | 1 2 3 |  3.3
Staves         | 1 2 3 |  3.3
Slings         | 1 2 3 |  3.3
Bows           | 1 2 3 |  3.3
Crossbows      | 1 2 3 |  3.3
Throwing       | 1 2 3 |  3.3
Armour         | 1 2 3 |  3.3
Shields        | 1 2 3 |  3.3
Unarmed Combat | 1 2 3 |  3.3
Evocations     | 1 2 3 |  3.3
Hexes          | 1 2 |  2.7
Summonings     | 1 2 |  2.7
Necromancy     | 1 2 |  2.7
Translocations | 1 2 |  2.7
Transmutations | 1 2 |  2.7
Ice Magic      | 1 2 |  2.7
Air Magic      | 1 2 |  2.7
Earth Magic    | 1 2 |  2.7
Poison Magic   | 1 2 |  2.7
Dodging        | 5 |  5.7
Stealth        | 5 |  5.4
Fire Magic     | 6 |  6.1

Action                   |  1- 3 |  4- 6 |  7- 9 || total
-------------------------+-------+-------+-------++-------
Melee: Unarmed           |    19 |    35 |       ||    54
       Bite              |     1 |     3 |     8 ||    12
       Short sword       |       |    33 |    58 ||    91
 Cast: Foxfire           |    50 |    63 |    17 ||   130
       Scorch            |    15 |    54 |    37 ||   106
 Stab: Sleeping          |       |     1 |     1 ||     2
Armor: Robe              |    13 |    22 |    23 ||    58
Dodge: Dodged            |    28 |    78 |    60 ||   166

Table legend: (Time is in decaauts)
 A = Elapsed time spent in this place.
 B = Non-inter-level travel time spent in this place.
 C = Inter-level travel time spent in this place.
 D = Time resting spent in this place.
 E = Time spent auto-exploring this place.
 F = Levels seen in this place.
 G = Mean time per level.
                   A        B        C        D        E       F      G
               +--------+--------+--------+--------+--------+-----+--------+
         Total |   8432 |   7825 |    607 |    544 |   6306 |   7 | 1204.6 |
       Dungeon |   8217 |   7660 |    557 |    544 |   6143 |   6 | 1369.5 |
        Temple |    215 |    166 |     49 |      0 |    163 |   1 |  215.0 |
               +--------+--------+--------+--------+--------+-----+--------+

Top non-repeatable levels by time:
     D:2: 1985 daAuts
     D:3: 1731 daAuts
     D:5: 1638 daAuts
     D:1: 1044 daAuts
     D:4: 1036 daAuts
     D:6: 780 daAuts
  Temple: 215 daAuts
